 Dungeon Crawl Stone Soup version 0.23.1 (webtiles) character file.

Game seed: 7366879309708973961

66 Borgoz the Sneak (level 4, -1/33 HPs)
             Began as a Ghoul Enchanter on Mar 14, 2019.
             Slain by a quokka (3 damage)
             ... on level 2 of the Dungeon.
             The game lasted 00:03:10 (1387 turns).

Borgoz the Sneak (Ghoul Enchanter)                  Turns: 1387, Time: 00:03:11

Health: -1/33      AC:  2    Str: 11    XL:     4   Next: 15%
Magic:  4/6        EV: 12    Int: 10    God:
Gold:   18         SH:  0    Dex: 10    Spells: 4/7 levels left

rFire    . . .     SeeInvis .   a - +1 dagger
rCold    + . .     Gourm    .   (no shield)
rNeg     + + +     Faith    .   b - +0 robe
rPois    ∞         Spirit   .   (no helmet)
rElec    .         Reflect  .   (no cloak)
rCorr    .         Harm     .   (no gloves)
MR       .....                  (no boots)
Stlth    ++........             (no amulet)
HPRegen  0.00/turn              (no ring)
MPRegen  0.10/turn              (no ring)

@: very slightly contaminated, rotting
A: rotting body, claws 1, carnivore, cold resistance 1, negative energy
resistance 3, inhibited regeneration, torment resistance, unbreathing
a: no special abilities


You were on level 2 of the Dungeon.
You were not hungry.

You visited 1 branch of the dungeon, and saw 2 of its levels.

You collected 18 gold pieces.

Inventory:

Hand Weapons
 a - a +1 dagger (weapon)
Armour
 b - a +0 robe (worn)
Scrolls
 c - a scroll of fear {unknown}
 e - 3 scrolls of identify {unknown}
 g - a scroll of teleportation {unknown}
 h - a scroll of enchant armour {unknown}
Comestibles
 d - 3 rations
 f - 6 chunks of flesh


   Skills:
 * Level 1.7 Short Blades
 * Level 1.2 Armour
 * Level 2.2 Dodging
 + Level 3.6 Stealth
 + Level 2.1 Spellcasting
 + Level 2.6 Hexes


You had 4 spell levels left.
You knew the following spells:

 Your Spells              Type           Power        Failure   Level  Hunger
a - Corona                Hex            #......      11%         1    ##.....
b - Ensorcelled Hibernat  Hex/Ice        #.....       26%         2    ###....

Your spell library contained the following spells:

 Spells                   Type           Power        Failure   Level  Hunger
 Confuse                  Hex            #.......     32%         3    ####...
 Tukima's Dance           Hex            #.......     32%         3    ####...
 Dazzling Spray           Conj/Hex       #.....       47%         3    ####...


Dungeon Overview and Level Annotations

Branches:
Dungeon (2/15)

Altars:
Ashenzari
Ru


Innate Abilities, Weirdness & Mutations

Your body is rotting away.
You thrive on raw meat.
You are immune to poison.
You have sharp fingernails.
You are carnivorous and can eat meat at any time.
Your flesh is cold resistant. (rC+)
You are immune to negative energy. (rN+++)
You do not regenerate when monsters are visible.
You are immune to unholy pain and torment.
You can survive without breathing.


Message History

You closely miss the quokka.
The quokka is severely wounded.
The quokka bites you.
* * * LOW HITPOINT WARNING * * *
The goblin hits you.
* * * LOW HITPOINT WARNING * * *
The quokka misses you.
Unknown command.
Unknown command.
Casting: Ensorcelled Hibernation (safe; 26% risk of failure)
Confirm with . or Enter, or press ? or * to list all spells.
Aiming: Ensorcelled Hibernation (safe; 26% risk of failure)
Press: ? - help, Shift-Dir - straight line, f - goblin
Aim: a goblin (chance to defeat MR: 52%)
You miscast Ensorcelled Hibernation.
You are very lightly contaminated with residual magic.
Your skin glows momentarily.
The goblin hits you.
* * * LOW HITPOINT WARNING * * *
The quokka bites you.
You die...

#.. #.. . #.?
#.## ..
._..##.######
#.......>.#
#.rg....###
#..@.......
#..........
#..........
#........(#
#........##
#.......##
#.......###
#...#........
#..##.##.....


You could see a quokka and a goblin.

Vanquished Creatures
  2 adders (D:2)
  A dart slug (D:2)
  A leopard gecko (D:1)
  2 ball pythons
  5 bats
  3 giant cockroaches
  4 goblins
  4 hobgoblins (D:1)
  8 jackals
  A quokka (D:2)
  A frilled lizard (D:1)
  5 kobolds
  3 rats
40 creatures vanquished.

Notes
Turn   | Place    | Note
-------+----------+-------------------------------------------
     0 | D:1      | Borgoz the Ghoul Enchanter began the quest for the Orb.
     0 | D:1      | Reached XP level 1. HP: 14/14 MP: 2/2
   225 | D:1      | Reached skill level 1 in Short Blades
   241 | D:1      | Reached XP level 2. HP: 20/20 MP: 3/3
   446 | D:1      | Learned a level 2 spell: Ensorcelled Hibernation
   672 | D:1      | Reached XP level 3. HP: 24/26 MP: 5/5
  1104 | D:2      | Reached skill level 1 in Armour
  1179 | D:2      | Found a sacrificial altar of Ru.
  1296 | D:2      | Reached XP level 4. HP: 26/33 MP: 3/6
  1370 | D:2      | Found a shattered altar of Ashenzari.
  1387 | D:2      | Slain by a quokka

Skill      XL: |  1  2  3 |
---------------+----------+-----
Short Blades   | 1 |  1.7
Dodging        | 2 |  2.2
Spellcasting   | 2 |  2.1
Armour         | 1 |  1.2
Stealth        | |  3.6
Hexes          | |  2.6

Action                   |  1- 3 |  4- 6 || total
-------------------------+-------+-------++-------
Melee: Dagger            |   141 |    52 ||   193
 Cast: Ensorcelled Hiber |     2 |       ||     2
 Stab: Sleeping          |     8 |       ||     8
  Eat: Chunk             |    16 |     5 ||    21
Armor: Robe              |    32 |     7 ||    39
Dodge: Dodged            |   122 |    34 ||   156
